 Dungeon Crawl Stone Soup version 0.29-a0-330-g52719c12eb (webtiles) character file.

Game seed: 9689847920354295205

5 Ajdolov the Skirmisher (level 1, -5/19 HPs)
             Began as a Barachi Fighter on Apr 18, 2022.
             Slain by a gnoll
             ... wielding a +0 flail
              (8 damage)
             ... on level 1 of the Dungeon.
             The game lasted 00:00:24 (247 turns).

Ajdolov the Skirmisher (Barachi Fighter)             Turns: 247, Time: 00:00:25

Health: -5/19      AC:  6    Str: 17    XL:     1   Next: 80%
Magic:  1/1        EV:  9    Int:  8    God:
Gold:   28         SH:  4    Dex: 11    Spells: 0/0 levels left

rFire   . . .      SeeInvis .   a - +0 long sword
rCold   . . .      Faith    .   c - +0 buckler
rNeg    . . .      Spirit   .   b - +0 scale mail
rPois   .          Reflect  .   (no helmet)
rElec   .          Harm     .   (no cloak)
rCorr   .          Rampage  .   (no gloves)
Will    .....                   (no boots)
Stlth   ..........              (no amulet)
HPRegen 0.06/turn               (no ring)
MPRegen 0.07/turn               (no ring)

@: slow
A: amphibious, slowness 1, strong legs 1, +LOS
a: Hop


You were on level 1 of the Dungeon.
You visited 1 branch of the dungeon, and saw 1 of its levels.

You collected 28 gold pieces.

Inventory:

Hand Weapons
 a - a +0 long sword (weapon)
Armour
 b - a +0 scale mail (worn)
 c - a +0 buckler (worn)
Scrolls
 g - a scroll of holy word {unknown}
 i - a scroll of enchant weapon {unknown}
Potions
 d - 2 potions of might
 e - a potion of brilliance {unknown}
 f - a potion of curing {unknown}
 h - a potion of attraction {unknown}


   Skills:
 + Level 3.8 Fighting
 * Level 2.9 Long Blades
 - Level 3.6 Armour
 - Level 3.2 Shields


You couldn't memorise any spells.
You didn't know any spells.
Your spell library was empty.

Dungeon Overview and Level Annotations

Branches:
Dungeon (1/15)

Altars:


Innate Abilities, Weirdness & Mutations

You are amphibious.
You cover ground slowly.
You can hop short distances.
You have an extended range of vision and can be seen from far away.


Message History

The ball python bites you but does no damage.
The ball python constricts you.
You barely miss the ball python.
The ball python is severely wounded.
The ball python barely misses you. The ball python constricts you.
You hit the ball python.
You kill the ball python!
You see here a dart slug corpse.
HP restored.
You now have 16 gold pieces (gained 10).
An endoplasm comes into view.
An endoplasm is nearby!
You slash the endoplasm!
You kill the endoplasm!
No target in view!
f - a glowing white potion
g - a scroll labelled ZECOIB HA OGARGHUE You now have 28 gold pieces (gained 12).
h - a pink potion
i - a scroll labelled FOVISI OTICEF A gnoll comes into view.
It is wielding a +0 flail.
Found a scroll labelled WILUMEDAICH.
The gnoll shouts!
A gnoll is nearby!
You hit the gnoll.
The gnoll is lightly wounded.
The gnoll hits you with a +0 flail.
You closely miss the gnoll.
The gnoll is lightly wounded.
The gnoll hits you with a +0 flail!
Ouch! That really hurt!
* * * LOW HITPOINT WARNING * * *
You are too injured to fight recklessly!
You closely miss the gnoll.
The gnoll is lightly wounded.
The gnoll hits you but does no damage.
You hit the gnoll.
The gnoll is moderately wounded.
The gnoll hits you with a +0 flail!
You die...

............#
.......####.###
.......##.....#
.......##.....####.
###...............
#######.....####
####..........####
...#.######......#
##.#.## ####.#@#
#....########.#g#
#..........##.#?#
##...#####.##.#..
##..# ..... ##.#
#.###. #####.######
#.# . .).........#
#.# .. .........#.#
#.# .


You could see a gnoll.

Vanquished Creatures
  A dart slug (D:1)
  An endoplasm (D:1)
  A ball python (D:1)
  A frilled lizard (D:1)
4 creatures vanquished.

Notes
Turn   | Place    | Note
-------+----------+-------------------------------------------
     0 | D:1      | Ajdolov the Barachi Fighter began the quest for the Orb.
     0 | D:1      | Reached XP level 1. HP: 18/18 MP: 1/1
   247 | D:1      | Slain by a gnoll

Illustrated notes

Levels and vault maps discovered:
D:1:      minmay_arrival_plants_in_alcoves, layout_loops_ring,
          dreamdust_ecumenical_altar_angels_and_demons, grunt_decor_resistance,
          st_stairs_14

Action                   || total
-------------------------++-------
Melee: Long sword        ||    13
Armor: Scale mail        ||     4
Dodge: Dodged            ||     4
Block: Buckler           ||     3

Table legend: (Time is in decaauts)
 A = Elapsed time spent in this place.
 B = Non-inter-level travel time spent in this place.
 C = Inter-level travel time spent in this place.
 D = Time resting spent in this place.
 E = Time spent auto-exploring this place.
 F = Levels seen in this place.
 G = Mean time per level.
                   A        B        C        D        E       F      G
               +--------+--------+--------+--------+--------+-----+--------+
         Total |    281 |    281 |      0 |      0 |    240 |   1 |  281.0 |
       Dungeon |    281 |    281 |      0 |      0 |    240 |   1 |  281.0 |
               +--------+--------+--------+--------+--------+-----+--------+

Top non-repeatable levels by time:
     D:1: 281 daAuts
